 Dungeon Crawl Stone Soup version 0.30-a0-365-ge7f957f1db (webtiles) character file.

Game seed: 13589817013978373307

570168 ragingrage the Acrobat (level 25, -9/127 HPs)
             Began as a Spriggan Hunter on Nov 15, 2022.
             Was the Champion of Hepliaklqana.
             Killed from afar by a red draconian scorcher (35 damage)
             ... with damnation
             ... on level 2 of the Realm of Zot on Nov 16, 2022.
             The game lasted 01:54:44 (50405 turns).

ragingrage the Acrobat (Spriggan Hunter)           Turns: 50405, Time: 01:54:45

Health: -9/127     AC: 22    Str:  7      XL:     25   Next: 5%
Magic:  27/33      EV: 45    Int: 13 (14) God:    Hepliaklqana [******]
Gold:   4669       SH:  0    Dex: 37 (38) Spells: 12/42 levels left

rFire   + . .      SeeInvis +    S - +9 arbalest (vorpal)
rCold   + . .      Faith    +    (shield currently unavailable)
rNeg    . . .      Spirit   .    U - +0 swamp dragon scales
rPois   +          Reflect  .    L - +2 hat {Will+}
rElec   .          Harm     .    R - +1 cloak {rCorr}
rCorr   +          Rampage  .    (gloves unavailable)
Will    +++++                    (boots unavailable)
Stlth   +++++++...               Y - amulet "Keschine" {Faith rC+ Dex+4 Slay+5}
HPRegen 0.41/turn                x - ring of the Tortoise {AC+8}
MPRegen 0.23/turn                C - ring of Leaves {Contam rF+ Will++ Dex+7}

@: portalling projectiles, studying 2 skills, very quick
A: reduced essence, very small, no large weapons, unfitting armour, see
invisible, speed 3, deterioration 1, low MP 1, strong-willed 1
}: 4/15 runes: decaying, slimy, silver, gossamer
a: Renounce Religion, Recall Ancestor, Ancestor Identity, Transference, Idealise


You were on level 2 of the Realm of Zot.
You worshipped Hepliaklqana.
Hepliaklqana was exalted by your worship.
You visited 11 branches of the dungeon, and saw 49 of its levels.
You also visited: Bailey and Gauntlet.

You collected 9060 gold pieces.
You spent 4391 gold pieces at shops.

Inventory:

Hand Weapons
 S - a +9 vorpal arbalest (weapon)
Missiles
 m - 16 curare-tipped darts
 G - 2 throwing nets
Armour
 L - a +2 hat of willpower (worn)
 M - the +1 steam dragon scales "Poecedow" {Regen+}
   (You bought it in a shop on level 1 of the Orcish Mines)

   Regen:     It increases your rate of health regeneration.
 R - a +1 cloak of preservation (worn)
 U - +0 swamp dragon scales (worn)
Jewellery
 x - the ring of the Tortoise (left hand) {AC+8}
   (You found it on level 5 of the Vaults)

   [ring of protection]

   AC:        It affects your AC (+8).
 C - the ring of Leaves (right hand) {Contam rF+ Will++ Dex+7}
   (You acquired it on level 1 of the Depths)

   [ring of protection from fire]

   Dex:       It affects your dexterity (+7).
   rF:        It protects you from fire.
   Contam:    It causes magical contamination when unequipped.
   Will:      It greatly increases your willpower.
 Q - the ring of Beauty {rPois rC+ rCorr Stlth-}
   (You found it on level 4 of the Depths)

   [ring of poison resistance]

   rC:        It protects you from cold.
   rPois:     It protects you from poison.
   rCorr:     It protects you from acid and corrosion.
   Stlth:     It makes you less stealthy.
 Y - the amulet "Keschine" (around neck) {Faith rC+ Dex+4 Slay+5}
   (You acquired it on level 2 of the Elven Halls)

   [amulet of faith]

   It allows you to gain divine favour quickly.
   Dex:       It affects your dexterity (+4).
   Slay:      It affects your accuracy & damage with ranged weapons and melee
   (+5).
   rC:        It protects you from cold.
 Z - a ring of positive energy
Wands
 q - a wand of acid (9)
 t - a wand of flame (72)
 w - a wand of mindburst (14)
 J - a wand of roots (23)
 P - a wand of digging (17)
 T - a wand of polymorph (10)
 W - a wand of paralysis (44)
Scrolls
 b - 13 scrolls of immolation
 c - 3 scrolls of blinking
 g - 2 scrolls of silence
 h - 20 scrolls of teleportation
 j - 10 scrolls of fear
 n - 10 scrolls of magic mapping
 r - 8 scrolls of butterflies
 v - 3 scrolls of summoning
 y - 13 scrolls of enchant weapon
 z - 3 scrolls of poison
 E - 12 scrolls of enchant armour
 N - 8 scrolls of amnesia
 O - 8 scrolls of vulnerability
Potions
 d - 15 potions of attraction
 e - 5 potions of invisibility
 f - 8 potions of mutation
 i - 12 potions of ambrosia
 k - 14 potions of might
 l - 11 potions of flight
 o - 23 potions of curing
 p - 12 potions of heal wounds
 u - 4 potions of magic
 A - 8 potions of lignification
 B - 4 potions of brilliance
 D - 8 potions of haste
 F - 8 potions of resistance
 I - 2 potions of cancellation
 K - 2 potions of berserk rage
Miscellaneous
 a - a lightning rod (4/4)
 s - a phantom mirror
 H - a box of beasts (inert)
 V - a condenser vane
 X - a tin of tremorstones (1/2)


   Skills:
 + Level 17.8 Fighting
 - Level 18.0 Ranged Weapons
 + Level 10.6 Armour
 - Level 24.0 Dodging
 - Level 18.0 Stealth
 - Level 9.0 Spellcasting
 * Level 17.6 Hexes
 - Level 6.4 Summonings
 - Level 14.0 Translocations
 - Level 9.0 Transmutations
 - Level 13.0 Invocations
 - Level 23.0 Evocations


You had 12 spell levels left.
You knew the following spells:

 Your Spells              Type           Power      Damage    Failure   Level
a - Wereblood             Tmut           29%        N/A       1%          2
b - Portal Projectile     Hex/Tloc       94%        N/A       1%          3
c - Summon Forest         Summ/Tloc      16%        N/A       14%         5
d - Cause Fear            Hex            25%        N/A       1%          4
e - Summon Mana Viper     Hex/Summ       37%        N/A       6%          5
f - Leda's Liquefaction   Hex/Erth       14%        N/A       9%          4
g - Enfeeble              Hex            25%        N/A       19%         7

Your spell library contained the following spells:

 Spells                   Type           Power      Damage    Failure   Level
 Apportation              Tloc           84%        N/A       1%          1
 Beastly Appendage        Tmut           58%        N/A       1%          1
 Slow                     Hex            100%       N/A       1%          1
 Ensorcelled Hibernation  Hex/Ice        56%        N/A       1%          2
 Confusing Touch          Hex            51%        N/A       1%          3
 Summon Guardian Golem    Hex/Summ       37%        N/A       1%          3
 Tukima's Dance           Hex            51%        N/A       1%          3
 Passage of Golubria      Tloc           42%        N/A       1%          4
 Summon Small Mammal      Summ           88%        N/A       2%          1
 Dazzling Flash           Conj/Hex       56%        N/A       2%          3
 Sting                    Tmut/Pois      68%        1d6       4%          1
 Vhi's Electric Charge    Tloc/Air       48%        N/A       5%          3
 Call Canine Familiar     Summ           22%        N/A       7%          3
 Anguish                  Hex/Necr       14%        N/A       9%          4
 Fulminant Prism          Conj/Hex       14%        3d8       9%          4
 Kindle Blastsparks       Fire/Tloc/Air  34%        2d12      14%         3
 Spider Form              Tmut/Pois      17%        N/A       16%         3
 Iskenderun's Mystic Bla  Conj/Tloc      24%        2d7       19%         4
 Blade Hands              Tmut           14%        N/A       22%         5
 Silence                  Hex/Air        14%        N/A       24%         5
 Ignite Poison            Fire/Tmut/Pois 13%        N/A       28%         3
 Foxfire                  Conj/Fire      20%        2x1d5     32%         1
 Necrotise                Necr           20%        1d5       32%         1
 Cigotuvi's Dreadful Rot  Necr/Pois/Air  10%        N/A       43%         2
 Poisonous Vapours        Pois/Air       10%        N/A       43%         2
 Scorch                   Fire           10%        2d5       43%         2
 Static Discharge         Conj/Air       10%        2-3/arc   43%         2
 Sublimation of Blood     Necr           5%         N/A       43%         2
 Animate Armour           Summ/Erth      28%        N/A       65%         4
 Summon Ice Beast         Ice/Summ       14%        N/A       65%         4
 Mephitic Cloud           Conj/Pois/Air  5%         N/A       67%         3
 Ozocubu's Armour         Ice            5%         N/A       67%         3
 Stone Arrow              Conj/Erth      10%        3d7       67%         3
 Vampiric Draining        Necr           5%         2d6       67%         3
 Alistair's Intoxication  Tmut/Pois      11%        N/A       80%         5
 Irradiate                Conj/Tmut      8%         3d14      80%         5
 Animate Dead             Necr           5%         N/A       97%         4
 Flame Wave               Conj/Fire      5%         2d5       97%         4
 Olgreb's Toxic Radiance  Pois           5%         N/A       97%         4
 Summon Cactus Giant      Summ           11%        N/A       98%         6
 Malign Gateway           Summ/Tloc      16%        N/A       99%         7
 Agony                    Necr           5%         N/A       100%        5
 Arcjolt                  Conj/Air       2%         1d12      100%        5
 Borgnjor's Vile Clutch   Necr/Erth      2%         N/A       100%        5
 Fireball                 Conj/Fire      2%         3d4       100%        5
 Freezing Cloud           Conj/Ice/Air   2%         6-21      100%        5
 Iskenderun's Battlesphe  Conj           5%         2d6       100%        5
 Lee's Rapid Deconstruct  Erth           2%         3d5*      100%        5
 Lightning Bolt           Conj/Air       2%         1d14      100%        5
 Conjure Ball Lightning   Conj/Air       2%         3x3d6     100%        6
 Eringya's Noxious Bog    Tmut/Pois      8%         N/A       100%        6
 Iron Shot                Conj/Erth      2%         9d2       100%        6
 Simulacrum               Ice/Necr       2%         N/A       100%        6
 Starburst                Conj/Fire      2%         6d3       100%        6
 Statue Form              Tmut/Erth      11%        N/A       100%        6
 Dragon Form              Tmut           14%        N/A       100%        7
 Haunt                    Necr/Summ      7%         N/A       100%        7
 Monstrous Menagerie      Summ           11%        N/A       100%        7
 Orb of Destruction       Conj           2%         9d5       100%        7
 Ozocubu's Refrigeration  Ice            2%         4d8       100%        7
 Spellforged Servitor     Conj/Summ      7%         N/A       100%        7
 Summon Hydra             Summ           11%        N/A       100%        7
 Infestation              Necr           2%         N/A       100%        8
 Lehudib's Crystal Spear  Conj/Erth      2%         10d2      100%        8
 Maxwell's Capacitive Co  Air            2%         ∞         100%        8
 Necromutation            Tmut/Necr      8%         N/A       100%        8
 Summon Horrible Things   Summ           11%        N/A       100%        8
 Dragon's Call            Summ           11%        N/A       100%        9
 Polar Vortex             Ice            2%         N/A       100%        9


Dungeon Overview and Level Annotations

Branches:
Dungeon (15/15)            Temple (1/1) D:5            Lair (4/5) D:11
  Swamp (4/4) Lair:3       Spider (4/4) Lair:3        Slime (5/5) Lair:4
    Orc (2/2) D:11            Elf (3/3) Orc:2        Vaults (5/5) D:14
  Crypt (0/3) Vaults:3     Depths (4/4) D:15            Zot (2/5) Depths:4
 Bailey (visited)         Gauntlet (visited)

Altars:
Ashenzari
Cheibriados
Dithmenos
Elyvilon
Fedhas
Gozag
Hepliaklqana
Kikubaaqudgha
Makhleb
Nemelex Xobeh
Okawaru
Qazlal
Ru
Sif Muna
Trog
Uskayaw
Vehumet
Wu Jian
Xom
Yredelemnul
Zin
The Shining One

Shops:
D:8 [   D:12 =   D:13 !   Orc:1 (:*   Orc:2 ?=?!   Elf:1 ![*?   Elf:3 *
Vaults:2 =   Depths:1 =*[:   Depths:3 :   Depths:4 [(

Portals:
Hell: Depths:1 Depths:2 Depths:3 Depths:4
Abyss: Depths:3
Pandemonium: Depths:2
Ziggurat: Depths:2

Annotations:
Swamp:2 exclusion: downstairs
Swamp:3 exclusion: downstairs
Elf:1 1 runed translucent door
Depths:4 2 transporters


Innate Abilities, Weirdness & Mutations

Your life essence is reduced to manifest your ancestor. (-10% HP)
You are very small and have problems with some larger weapons.
You are too small for most types of armour.
You have supernaturally acute eyesight. (SInv)
You cover ground extremely quickly. (Speed+++)
Your body sometimes deteriorates upon taking damage.
Your magical capacity is low. (-10% MP)
You are strong-willed. (Will+)


Message History

Aim: a red draconian scorcher, wielding a +0 dagger and wearing a +0 cloak (heavily wounded, very poisoned, 82% to hit)
You magically shoot a bolt.
The bolt hits the red draconian scorcher.
The red draconian scorcher is heavily wounded.
Your primal batox beast is engulfed in poison gas.
Your primal batox beast looks as sick as possible!
Your primal batox beast completely misses the red draconian scorcher.
Your primal batox beast closely misses the red draconian scorcher.
Your primal batox beast is engulfed in poison gas.
Your primal batox beast looks as sick as possible!
Your primal batox beast hits the red draconian scorcher!!
Your primal batox beast tramples the red draconian scorcher.
The red draconian scorcher holds its ground!
The red draconian scorcher hits your primal batox beast with a +0 long sword!
The red draconian scorcher closely misses your primal batox beast.
Fire: S) +9 arbalest (vorpal)
Press: ? - help, Q - select action, (/) - cycle Shift-Dir - straight line, f/p - red draconian scorcher
Aim: a red draconian scorcher, wielding a +0 dagger and wearing a +0 cloak (severely wounded, not watching you, very poisoned, 82% to hit)
You magically shoot a bolt.
The bolt hits the red draconian scorcher but does no damage.
The red draconian scorcher is severely wounded.
Your primal batox beast is engulfed in poison gas.
Your primal batox beast looks as sick as possible!
Your primal batox beast barely misses the red draconian scorcher.
Your primal batox beast tramples the red draconian scorcher.
The red draconian scorcher stumbles backwards!
A searing blast appears from out of your range of vision.
The red draconian scorcher casts a spell at you.
The sphere of damnation explodes!
The damnation engulfs you!!
* * * LOW HITPOINT WARNING * * *
You hear a roar! x2
Fire: S) +9 arbalest (vorpal)
Press: ? - help, Q - select action, (/) - cycle Shift-Dir - straight line, f/p - red draconian scorcher
Aim: a red draconian scorcher, wielding a +0 dagger and wearing a +0 cloak (severely wounded, very poisoned, 82% to hit)
You magically shoot a bolt.
The bolt hits the red draconian scorcher.
The red draconian scorcher is severely wounded.
The red draconian scorcher points at you and mumbles some strange words.
The sphere of damnation explodes!
The damnation engulfs you!!
You die...

......'......#
#######......#
####'###
#######.########
...............#
.######...###..#
#.#.#
#.######.#.#
#.......@..#
..######.### #°#
## .######.###
... ........H.#
.... #.######q○#
..... #°°#......
#q°')qd...
#.##†.....


You could see 2 draconians and a friendly primal batox beast (summoned,
extremely poisoned).

Vanquished Creatures
  the Royal Jelly (Slime:5)
  A dread lich (Vaults:5)
  An ancient lich (Depths:4)
  Bai Suzhen (Swamp:3)
  the Lernaean hydra (Swamp:4)
  Margery (Vaults:3)
  A caustic shrike (Depths:4)
  A curse toe (Zot:2)
  3 golden dragons
  The ghost of Teomm the Warrior, an adept DgCj (Depths:1)
  A golden dragon (shapeshifter) (Vaults:5)
  The ghost of Persephone the Acrobat, an adept MfGl of Qazlal (Vaults:1)
  An electric golem (Zot:1)
  12 tentacled monstrosities
  Mlioglotl (Swamp:3)
  3 liches
  Zenata (Vaults:1)
  The ghost of Jackthecabe the End of an Era, an adept DsGl of Qazlal (Vaults:3)
  3 titans
  A walking divine tome (Depths:3)
  4 quicksilver dragons
  3 deep elf blademasters
  6 acid blobs
  A walking frostbound tome (Depths:4)
  4 death cobs
  4 sphinxes
  2 thorn hunters (Swamp:3)
  4 shadow dragons
  2 storm dragons
  4 tengu reavers
  9 azure jellies
  7 rockslimes
  2 draconian knights
  A draconian monk (Zot:2)
  14 frost giants
  6 deep elf sorcerers
  2 emperor scorpions
  8 fire giants
  A fenstrider witch (Swamp:2)
  A draconian scorcher (Zot:2)
  A balrug (Zot:1)
  6 vault wardens
  An iron dragon (Depths:3)
  An orc warlord (Vaults:1)
  Louise (Swamp:3)
  3 spectral caustic shrikes (Depths:1)
  A draconian shifter (Zot:2)
  A ghost moth (shapeshifter) (Vaults:5)
  2 ghouls (Swamp:4)
  3 deep elf elementalists (Elf:3)
  A draconian stormcaller (Zot:1)
  A spriggan defender (Depths:3)
  13 ironbound preservers
  8 quicksilver oozes
  A reaper (Gauntlet)
  7 draconian annihilators
  2 quicksilver oozes (shapeshifter) (Vaults:5)
  A broodmother (Spider:4)
  8 stone giants
  A war gargoyle (Vaults:3)
  7 ironbound thunderhulks
  2 vampire knights
  9 deep elf demonologists
  11 very ugly things
  2 white draconians (Zot:1)
  6 green draconians
  The ghost of holysushi the Spry, a journeyman MeEE of Makhleb (D:12)
  Nessos (D:12)
  2 dire elephants
  5 deep elf annihilators
  3 yellow draconians
  A minotaur (Gauntlet)
  5 spark wasps
  3 purple draconians (Zot:2)
  2 red draconians
  3 bunyips (Swamp:3)
  9 deep elf death magi
  16 ettins
  6 deep elf high priests
  6 entropy weavers
  A merfolk impaler (Depths:1)
  2 jiangshi (Depths:1)
  11 great orbs of eyes
  2 shambling mangroves (Swamp:3)
  5 fire dragons
  10 yaktaur captains
  13 hydras
  26 vault guards
  A hell beast (Gauntlet)
  7 ice dragons
  4 rakshasas
  3 ogre magi
  2 peacekeepers
  6 ironbound frosthearts
  3 spriggan air magi
  2 jorogumos (Spider:1)
  3 radroaches (Spider:4)
  8 alligators
  12 centaur warriors
  A jorogumo (shapeshifter) (Elf:1)
  2 boulder beetles
  39 slime creatures
  6 two-headed ogres
  2 death knights (Zot:1)
  2 deep troll shamans (Depths:3)
  11 death yaks
  Urug (D:10)
  3 hell hogs (Depths:3)
  7 deep troll earth magi
  3 tengu warriors
  23 dancing weapons
  4 vampire magi (Depths:1)
  A shock serpent (shapeshifter) (Zot:1)
  4 spriggan berserkers
  16 deep elf knights
  6 hell knights
  3 iron trolls
  6 goliath frogs
  4 pharaoh ants
  4 spriggan druids
  A glowing orange brain (shapeshifter) (Depths:3)
  41 deep trolls
  9 swamp dragons
  7 orb spiders
  3 glowing orange brains
  9 steelbarb worms
  8 bog bodies
  10 deep elf archers
  6 lindwurms
  2 phantasmal warriors (Vaults:5)
  9 wizards
  A sphinx zombie (Vaults:4)
  14 ironbound convokers
  A harpy (Vaults:1)
  27 deep elf zephyrmancers
  A necromancer (Depths:3)
  An orc knight (Vaults:1)
  A human zombie (Vaults:4)
  6 shining eyes
  31 deep elf pyromancers
  19 wolf spiders
  21 ugly things
  2 oklob plants (Swamp:3)
  2 orc sorcerers
  A stone giant zombie (Vaults:4)
  16 moths of wrath
  7 cyclopes
  A wolf spider (shapeshifter) (Depths:4)
  A black mamba (Lair:3)
  16 elephants
  3 will-o-the-wisps
  12 vault sentinels
  An elephant (shapeshifter) (Elf:1)
  A fire giant skeleton (Vaults:4)
  A guardian serpent (Zot:1)
  2 gargoyles
  5 torpor snails
  A torpor snail (shapeshifter) (Elf:1)
  An eye of devastation (shapeshifter) (Elf:2)
  An orange demon (Depths:2)
  2 eyes of devastation
  2 cane toads (Lair:4)
  An unseen horror (D:11)
  11 demonic crawlers
  A hellion (Depths:3)
  6 yaktaurs (Vaults:1)
  A rime drake (Lair:1)
  An efreet (D:14)
  A kobold demonologist (D:13)
  2 tengu conjurers
  2 hellwings
  A yaktaur (shapeshifter) (Depths:3)
  A red devil (Depths:2)
  5 freezing wraiths
  3 harpy zombies (Zot:1)
  A polar bear (Lair:4)
  A queen bee (shapeshifter) (Vaults:5)
  A merfolk (shapeshifter) (Depths:3)
  7 tyrant leeches
  Prince Ribbit (D:7)
  10 trolls
  A merfolk (D:15)
  3 meliai (Spider:4)
  16 hornets
  A tengu simulacrum (Depths:3)
  2 raiju (Zot:1)
  20 tarantellas
  A slime creature (shapeshifter) (Vaults:5)
  6 blink frogs
  An ettin zombie (Vaults:4)
  3 air elementals
  2 wraiths (D:12)
  15 culicivoras
  3 water elementals
  17 jumping spiders
  17 yaks
  4 vampires
  13 spriggans
  A wyvern (D:5)
  4 basilisks
  20 golden eyes
  50 redbacks
  2 fire elementals (Elf:2)
  3 vampire mosquitoes
  3 wargs
  Menkaure (D:5)
  A redback (shapeshifter) (Vaults:5)
  A swamp worm (shapeshifter) (Vaults:1)
  A naga (shapeshifter) (Vaults:5)
  6 water moccasins
  15 swamp worms
  5 floating eyes
  2 hell hounds (Gauntlet)
  3 ice beasts
  13 swamp drakes
  A black bear (shapeshifter) (D:15)
  A sky beast (D:6)
  23 ogres
  21 orc warriors
  4 boggarts
  5 wolves
  2 centaurs
  A kobold brigand (D:8)
  A gnoll sergeant (D:12)
  4 bullfrogs
  5 necrophages
  2 scorpions
  4 earth elementals
  12 killer bees
  3 electric eels
  2 howler monkeys
  A jelly (D:6)
  14 orc priests
  5 hounds
  A gnoll bouda (D:6)
  21 orc wizards
  Ijyb (D:3)
  11 gnolls
  7 adders
  4 shadow imps
  An ufetubus (D:5)
  A worm (D:4)
  4 dart slugs
  83 orcs
  10 endoplasms
  2 giant cockroaches
  10 goblins
  5 hobgoblins
  2 jackals (D:1)
  A quokka (D:1)
  5 ball pythons
  3 bats
  2 frilled lizards
  10 kobolds
  A rat (D:3)
1469 creatures vanquished.

Vanquished Creatures (collateral kills)
  Dissolution (Slime:4)
  Sojobo (Depths:4)
  A juggernaut (Depths:2)
  Parghit (Zot:1)
  A caustic shrike (Depths:4)
  A golden dragon (Depths:4)
  8 tentacled monstrosities
  A walking crystal tome (Depths:4)
  A lich (Vaults:5)
  2 quicksilver dragons
  A titan (Vaults:5)
  6 acid blobs
  Frances (Swamp:2)
  A storm dragon (Zot:2)
  A thorn hunter (Swamp:3)
  5 azure jellies
  3 tengu reavers
  3 shadow dragons (Vaults:5)
  2 fire giants
  2 deep elf sorcerers
  A fenstrider witch (shapeshifter) (Zot:1)
  A draconian knight (Zot:2)
  2 rockslimes (Slime:5)
  A frost giant (Depths:3)
  A draconian scorcher (Zot:2)
  A spectral caustic shrike (Depths:1)
  A draconian shifter (Zot:1)
  9 ironbound preservers
  5 vault wardens
  A ghoul (Swamp:4)
  A broodmother (shapeshifter) (D:15)
  12 very ugly things
  5 quicksilver oozes
  4 deep elf elementalists (Elf:3)
  A war gargoyle (Vaults:5)
  An ironbound thunderhulk (Vaults:4)
  7 stone giants
  3 deep elf demonologists
  2 deep elf annihilators (Elf:3)
  A black draconian (shapeshifter) (Zot:1)
  A white draconian (Zot:1)
  2 lorocyprocas
  A purple draconian (Zot:2)
  2 yellow draconians (Zot:1)
  A spark wasp (Depths:4)
  The ghost of billz999 the Skirmisher, a journeyman GnHu of Kikubaaqudgha (Lair:2)
  A jiangshi (Depths:1)
  4 deep elf death magi
  3 fire dragons
  A deep elf high priest (Elf:3)
  2 entropy weavers
  14 vault guards
  4 great orbs of eyes
  2 yaktaur captains
  A rakshasa (Depths:3)
  9 hydras
  2 ice dragons
  A spriggan air mage (Depths:3)
  An ogre mage (Orc:2)
  A jorogumo (Spider:1)
  3 two-headed ogres (Orc:2)
  5 dancing weapons
  8 centaur warriors
  Erica (D:8)
  4 death yaks
  4 alligators
  3 deep troll earth magi
  4 deep troll shamans
  3 ironbound frosthearts
  2 tengu warriors
  A vampire mage (Depths:1)
  A storm dragon zombie (Depths:3)
  10 spriggans
  4 deep elf knights
  A spriggan berserker (Depths:2)
  3 hell knights
  3 pharaoh ants
  A goliath frog (Swamp:3)
  An iron troll (Depths:2)
  A steelbarb worm (Spider:3)
  2 swamp dragons
  3 orb spiders
  18 deep trolls
  3 deep elf archers
  2 bog bodies (Swamp:4)
  A lindwurm (shapeshifter) (Vaults:5)
  A wizard (Vaults:3)
  6 deep elf pyromancers
  A necromancer (Vaults:4)
  A lindwurm (Vaults:4)
  9 deep elf zephyrmancers
  3 ironbound convokers
  10 ugly things
  4 wolf spiders
  5 orc knights
  2 manticores
  3 cyclopes
  A sphinx skeleton (Depths:3)
  3 guardian serpents (Zot:1)
  Maurice (D:9)
  5 moths of wrath
  16 elephants (Lair:4)
  3 cane toads
  2 black mambas
  2 vault sentinels
  A naga mage (D:15)
  4 torpor snails
  7 demonic crawlers
  4 komodo dragons
  A yaktaur (Vaults:1)
  A kobold demonologist (D:13)
  A rime drake (Lair:2)
  A freezing wraith (Vaults:5)
  2 trolls
  2 harpy zombies (Zot:1)
  A hornet (shapeshifter) (Vaults:5)
  A tyrant leech (Swamp:2)
  3 polar bears
  A tarantella (Spider:2)
  27 slime creatures
  7 hornets
  3 blink frogs (Lair:1)
  A slime creature (shapeshifter) (Vaults:5)
  A jumping spider (Spider:1)
  3 culicivoras
  Sigmund (D:6)
  A wraith (D:13)
  4 wyverns
  12 yaks
  2 vampire mosquitoes (D:15)
  10 redbacks
  A warg (Orc:1)
  An acid dragon (D:9)
  3 swamp worms
  A floating eye (Slime:4)
  2 water moccasins
  3 swamp drakes
  A glowing shapeshifter skeleton (Depths:3)
  5 orc warriors
  4 ogres
  8 wolves
  2 boggarts (Vaults:2)
  4 bullfrogs
  2 gnoll sergeants
  5 killer bees (D:8)
  An electric eel (Lair:4)
  2 orc priests
  A hound (D:6)
  A gnoll bouda (D:9)
  An iguana (shapeshifter) (Depths:4)
  11 gnolls
  32 orcs
  A goblin (D:8)
  A bush (Swamp:4)
  A butterfly (Zot:1)
523 creatures vanquished.

Vanquished Creatures (others)
  2 deep elf master archers (Elf:3)
  2 stone giants
  5 deep elf archers
  A moth of wrath (Zot:1)
  A bloated husk (Swamp:4)
  A water elemental (Elf:3)
  A boggart (Zot:1)
  47 knights
  An ancestor (D:6)
  3 demonic plants (Gauntlet)
  104 fungi
  92 plants
260 creatures vanquished.

Grand Total: 2252 creatures vanquished

Notes
Turn   | Place    | Note
-------+----------+-------------------------------------------
     0 | D:1      | ragingrage the Spriggan Hunter began the quest for the Orb.
     0 | D:1      | Reached XP level 1. HP: 10/10 MP: 2/2
   117 | D:1      | Reached XP level 2. HP: 14/14 MP: 3/3
   229 | D:1      | Found a faded altar of an unknown god.
   765 | D:2      | Reached skill level 5 in Ranged Weapons
   766 | D:2      | Reached XP level 3. HP: 17/18 MP: 4/4
   935 | D:2      | Found the +4 Cigotuvi's embrace {rMiasma Drain rN+}
  1524 | D:3      | Found a broken altar of Ashenzari.
  1574 | D:3      | Reached XP level 4. HP: 22/22 MP: 5/5
  1799 | D:3      | Noticed Ijyb
  1810 | D:3      | Killed Ijyb
  2059 | D:4      | Found a radiant altar of Vehumet.
  2064 | D:4      | Reached XP level 5. HP: 25/25 MP: 6/6
  2083 | D:4      | Found a shadowy altar of Dithmenos.
  2161 | D:4      | Noticed an ogre
  2175 | D:4      | Killed an ogre
  2389 | D:4      | Noticed an ogre
  2439 | D:4      | Killed an ogre
  2440 | D:4      | Reached XP level 6. HP: 30/30 MP: 7/7
  2800 | D:4      | Identified the +3 leather armour of Aheyp {rN+}
  2914 | D:5      | Entered Level 5 of the Dungeon
  3072 | D:5      | Noticed Menkaure
  3078 | D:5      | Killed Menkaure
  3079 | D:5      | Reached XP level 7. HP: 21/33 MP: 4/8
  3171 | D:5      | Noticed a wyvern
  3189 | D:5      | Killed a wyvern
  3526 | D:5      | Reached skill level 10 in Ranged Weapons
  3527 | D:5      | Reached XP level 8. HP: 27/37 MP: 6/9
  3578 | D:5      | Found a staircase to the Ecumenical Temple.
  3672 | Temple   | Entered the Ecumenical Temple
  3672 | Temple   | Found a transporter.
  3672 | Temple   | Found a transporter.
  3674 | Temple   | Found a transporter.
  3674 | Temple   | Found a transporter.
  3702 | Temple   | Became a worshipper of Hepliaklqana the Forgotten
  4011 | D:6      | Reached * piety under Hepliaklqana
  4027 | D:6      | Noticed Sigmund
  4038 | D:6      | Killed Sigmund
  4186 | D:6      | Reached XP level 9. HP: 36/36 MP: 10/10
  4229 | D:6      | Found a glowing silver altar of Zin.
  4544 | D:6      | Found a snail-covered altar of Cheibriados.
  4557 | D:6      | Found a sparkling altar of Nemelex Xobeh.
  4558 | D:6      | Found a glowing golden altar of the Shining One.
  4835 | D:7      | Found a burning altar of Makhleb.
  5005 | D:7      | Noticed Prince Ribbit
  5017 | D:7      | Killed Prince Ribbit
  5170 | D:7      | Found a shimmering altar of Xom.
  5217 | D:7      | Reached ** piety under Hepliaklqana
  5218 | D:7      | Remembered your ancestor Demonreach as a knight
  5260 | D:8      | Noticed Erica
  5316 | D:8      | Found a flagged portal.
  5340 | Bailey   | Entered a bailey
  5525 | Bailey   | Noticed an orc knight
  5602 | Bailey   | Killed an orc knight
  5641 | Bailey   | Reached XP level 10. HP: 41/41 MP: 11/11
  5772 | D:8      | Reached skill level 15 in Ranged Weapons
  6300 | D:8      | Found Dumi's Armour Emporium.
  6311 | D:8      | Killed Erica
  6606 | D:8      | Reached skill level 3 in Dodging
  6606 | D:8      | Reached skill level 1 in Evocations
  6899 | D:8      | Reached skill level 1 in Invocations
  7048 | D:9      | Noticed Maurice
  7051 | D:9      | Reached skill level 1 in Armour
  7065 | D:9      | Killed Maurice
  7128 | D:9      | Reached skill level 4 in Dodging
  7387 | D:9      | Reached *** piety under Hepliaklqana
  7714 | D:10     | Entered Level 10 of the Dungeon
  7747 | D:10     | Reached XP level 11. HP: 45/45 MP: 10/13
  7952 | D:10     | Noticed Urug
  7977 | D:10     | Killed Urug
  7978 | D:10     | Reached skill level 5 in Dodging
  8493 | D:11     | Noticed a death yak
  8493 | D:11     | Noticed a death yak
  8782 | D:11     | Found a staircase to the Orcish Mines.
  8783 | D:11     | Noticed a two-headed ogre
  8795 | D:11     | Killed a two-headed ogre
  8796 | D:11     | Reached skill level 6 in Dodging
  8796 | D:11     | Reached skill level 5 in Evocations
  9325 | D:11     | Reached **** piety under Hepliaklqana
  9385 | D:11     | Noticed a death yak
  9395 | D:11     | Noticed a death yak
  9486 | D:11     | Killed a death yak
  9551 | D:11     | Killed a death yak
  9552 | D:11     | Reached skill level 7 in Dodging
  9593 | D:11     | Killed a death yak
  9594 | D:11     | Reached skill level 5 in Invocations
  9610 | D:11     | Killed a death yak
  9612 | D:11     | Identified a scroll of acquirement
  9612 | D:11     | Acquired 802 gold pieces
  9653 | D:11     | Found a staircase to the Lair.
  9805 | D:12     | Noticed a two-headed ogre
  9824 | D:11     | Killed a two-headed ogre
  9825 | D:11     | Reached XP level 12. HP: 53/53 MP: 13/17
  9828 | D:11     | Acquired a manual of Evocations
  9950 | D:12     | Found a runed translucent door.
  9950 | D:12     | Found a shimmering altar of Xom.
  9950 | D:12     | Noticed holysushi's ghost (journeyman MeEE)
  9951 | D:12     | Identified the +1 trident "Iliprac" {chaos, rC++ Str+4
                  | Int-5}
 10053 | D:12     | Identified the +1 helmet "Saph" {rElec rCorr}
 10105 | D:12     | Reached skill level 5 in Fighting
 10105 | D:12     | Reached skill level 8 in Dodging
 10269 | D:12     | Noticed Nessos
 10276 | D:12     | Killed Nessos
 10385 | D:12     | Noticed a boulder beetle
 10457 | D:12     | Found an opulent altar of Gozag.
 10833 | D:12     | Killed a boulder beetle
 10877 | D:12     | Reached ***** piety under Hepliaklqana
 10884 | D:12     | Found Hiuveok's Jewellery Boutique.
 10976 | D:13     | Found Zulareon's Distillery.
 11034 | Lair:1   | Entered Level 1 of the Lair of Beasts
 11070 | Lair:1   | Reached skill level 9 in Dodging
 11093 | Lair:1   | Reached skill level 10 in Evocations
 11137 | Lair:1   | Learned a level 2 spell: Wereblood
 11433 | Lair:1   | Reached skill level 1 in Transmutations
 12011 | Lair:2   | Noticed a death yak
 12013 | Lair:2   | Noticed a death yak
 12014 | Lair:2   | Noticed a death yak
 12016 | Lair:2   | Noticed a death yak
 12027 | Lair:2   | Noticed a death yak
 12155 | Lair:2   | Killed a death yak
 12172 | Lair:2   | Killed a death yak
 12201 | Lair:2   | Killed a death yak
 12264 | Lair:2   | Killed a death yak
 12304 | Lair:2   | Killed a death yak
 12340 | Lair:2   | Reached skill level 10 in Dodging
 12365 | Lair:2   | Found a runed translucent door.
 12368 | Lair:2   | Noticed billz999's ghost (journeyman GnHu)
 13099 | Lair:3   | Noticed a five-headed hydra
 13100 | Lair:3   | Found a hole to the Spider Nest.
 13106 | Lair:3   | Reached XP level 13. HP: 58/58 MP: 19/19
 13225 | Lair:3   | Found a gate leading to a gauntlet.
 13232 | Lair:3   | Found a staircase to the Swamp.
 13263 | Gauntlet | Entered a Gauntlet
 13263 | Gauntlet | Noticed a reaper
 13263 | Gauntlet | Found a large runed translucent door.
 13263 | Gauntlet | Found a large runed translucent door.
 13263 | Gauntlet | Found a large runed translucent door.
 13263 | Gauntlet | Found a large runed translucent door.
 13263 | Gauntlet | Found a runed translucent door.
 13263 | Gauntlet | Found a large runed translucent door.
 13263 | Gauntlet | Found a large runed translucent door.
 13263 | Gauntlet | Found a transporter.
 13263 | Gauntlet | Found a transporter.
 13263 | Gauntlet | Found a large runed translucent door.
 13263 | Gauntlet | Found a large runed translucent door.
 13263 | Gauntlet | Found a runed translucent gate.
 13263 | Gauntlet | Found a runed translucent gate.
 13263 | Gauntlet | Found a transporter.
 13264 | Gauntlet | Found a transporter.
 13267 | Gauntlet | Found a transporter.
 13277 | Gauntlet | Found a transporter.
 13337 | Gauntlet | Found a runed translucent door.
 13338 | Gauntlet | Found a large runed translucent door.
 13338 | Gauntlet | Found a large runed translucent door.
 13338 | Gauntlet | Found a large runed translucent door.
 13338 | Gauntlet | Found a large runed translucent door.
 13339 | Gauntlet | Found a large runed translucent door.
 13339 | Gauntlet | Found a large runed translucent door.
 13340 | Gauntlet | Found a large runed translucent door.
 13340 | Gauntlet | Found a large runed translucent door.
 13344 | Gauntlet | Found a transporter.
 13360 | Gauntlet | Found a transporter.
 13369 | Gauntlet | Found a transporter.
 13379 | Gauntlet | Found a transporter.
 13394 | Gauntlet | Found a transporter.
 13397 | Gauntlet | Found a transporter.
 13423 | Gauntlet | Found a runed translucent gate.
 13564 | Gauntlet | Identified the ring "Urhuvunk" {AC+4 Str+2}
 13738 | Gauntlet | Killed a reaper
 13771 | Gauntlet | Identified the +1 helmet of the Devil's Advocate {rF+
                  | rCorr}
 13787 | Gauntlet | Reached skill level 5 in Transmutations
 13809 | Gauntlet | Noticed a minotaur
 13853 | Gauntlet | Got the Quarto of Wanderlust
 13867 | Gauntlet | Identified the +5 trident "Gram" {flame, +Blink rCorr Str+7
                  | Int-3}
 13875 | Gauntlet | Killed a minotaur
 14370 | Lair:4   | Reached skill level 11 in Dodging
 14441 | Lair:4   | Identified the +3 ring mail "Moonos" {*Corrode rPois Regen+
                  | Int+8}
 14557 | Lair:4   | Got the Secrets of Blasts and Stolen Souls
 14778 | Lair:4   | Noticed a dire elephant
 14847 | Lair:4   | Killed a dire elephant
 14879 | Lair:4   | Found a staircase to the Slime Pits.
 15413 | Lair:4   | Reached skill level 12 in Dodging
 15443 | Lair:4   | Reached XP level 14. HP: 64/64 MP: 19/21
 15722 | Lair:4   | Reached skill level 15 in Evocations
 16605 | D:13     | Bought a potion of curing for 42 gold pieces
 16605 | D:13     | Bought a potion of resistance for 140 gold pieces
 17041 | D:13     | Identified the +3 ring mail of Boredom {rPois Stlth+}
 17360 | D:14     | Identified the +5 quarterstaff of Termination {vorpal,
                  | *Slow rF+ Int+2}
 17650 | D:14     | Found a gate to the Vaults.
 17650 | D:14     | Noticed an ironbound preserver
 17663 | D:14     | Killed an ironbound preserver
 17714 | D:14     | Reached ****** piety under Hepliaklqana
 18048 | D:15     | Entered Level 15 of the Dungeon
 18420 | D:15     | a great orb of eyes changed into a broodmother
 18420 | D:15     | Noticed a broodmother (glowing shapeshifter)
 18421 | D:15     | Killed a broodmother
 18880 | D:15     | Found a staircase to the Depths.
 19008 | Orc:1    | Entered Level 1 of the Orcish Mines
 19081 | Orc:2    | Entered Level 2 of the Orcish Mines
 19081 | Orc:2    | Found a staircase to the Elven Halls.
 19249 | Orc:2    | Found Wascherocs's Magic Scroll Shoppe.
 19276 | Orc:2    | Found Anaergh's Magic Scroll Emporium.
 19278 | Orc:2    | Found Plog's Distillery.
 19281 | Orc:2    | Bought a scroll of blinking for 97 gold pieces
 19281 | Orc:2    | Bought a scroll of poison for 52 gold pieces
 19287 | Orc:2    | Found Kenaliso's Jewellery Emporium.
 19351 | Orc:2    | Bought a potion of invisibility for 120 gold pieces
 19357 | Orc:2    | Bought a scroll of acquirement for 832 gold pieces
 19357 | Orc:2    | Acquired a +2 hat of willpower
 19435 | Orc:2    | Reached XP level 15. HP: 52/69 MP: 23/23
 19588 | Orc:2    | Reached skill level 13 in Dodging
 19905 | Orc:1    | Found Fenaf's Weapon Emporium.
 19981 | Orc:1    | Found Urrur's Assorted Antiques.
 19983 | Orc:1    | Found Ylinok's Book Shoppe.
 19990 | Orc:1    | Bought spiked steam dragon scales for 1305 gold pieces
 19990 | Orc:1    | Identified the +1 steam dragon scales "Poecedow" {Regen+}
                  | (You bought it in a shop on level 1 of the Orcish Mines)
 20338 | Swamp:1  | Entered Level 1 of the Swamp
 20474 | Swamp:1  | Reached skill level 10 in Invocations
 20578 | D:12     | Bought a ring of poison resistance for 280 gold pieces
 21070 | Swamp:1  | Reached skill level 1 in Spellcasting
 21369 | Swamp:1  | Identified the amulet of Dilohoco {Reflect rPois SH+5}
 21421 | Swamp:1  | Reached skill level 14 in Dodging
 21531 | Swamp:2  | Found an ancient bone altar of Kikubaaqudgha.
 21722 | Swamp:2  | Noticed a fenstrider witch
 21724 | Swamp:2  | Killed a fenstrider witch
 21937 | Swamp:2  | Noticed Frances
 21944 | Swamp:2  | Killed Frances
 22211 | Swamp:3  | Noticed Bai Suzhen
 22248 | Swamp:3  | Noticed Mlioglotl
 22343 | Spider:1 | Entered Level 1 of the Spider Nest
 22343 | Spider:1 | Noticed an emperor scorpion
 22351 | Spider:1 | Killed an emperor scorpion
 22578 | Spider:1 | Reached XP level 16. HP: 75/75 MP: 24/24
 22738 | Spider:1 | Reached skill level 5 in Armour
 22781 | Spider:1 | Reached skill level 15 in Dodging
 22912 | Spider:1 | Reached skill level 10 in Fighting
 23752 | Spider:3 | Reached skill level 16 in Dodging
 24343 | Spider:4 | Entered Level 4 of the Spider Nest
 25027 | Spider:4 | Reached XP level 17. HP: 81/81 MP: 25/25
 25118 | Spider:4 | Reached skill level 17 in Dodging
 25374 | Spider:4 | Got a gossamer rune of Zot
 25389 | Spider:4 | Identified the +0 pair of gloves "Bepamp" {rElec rN+ MP+9
                  | Int-4}
 25918 | Swamp:3  | Killed Mlioglotl
 26382 | Swamp:3  | Noticed a tentacled monstrosity
 26386 | Swamp:3  | Killed a tentacled monstrosity
 26432 | Swamp:3  | Killed Bai Suzhen
 26725 | Swamp:3  | Noticed Louise
 26749 | Swamp:3  | Killed Louise
 27062 | Swamp:3  | Reached skill level 18 in Dodging
 27109 | Swamp:3  | Identified the +1 ring mail of Umang {rPois Will+}
 27142 | Swamp:3  | Identified the +10 spear "Boton" {spect, *Noise rC+++ rCorr
                  | Dex-3}
 27387 | Swamp:4  | Entered Level 4 of the Swamp
 27480 | Swamp:4  | Noticed a tentacled monstrosity
 27685 | Swamp:4  | Killed a tentacled monstrosity
 27762 | Swamp:4  | Reached skill level 19 in Dodging
 27883 | Swamp:4  | Noticed the 27-headed Lernaean hydra
 27899 | Swamp:4  | Killed the 27-headed Lernaean hydra
 27900 | Swamp:4  | Reached XP level 18. HP: 58/90 MP: 26/26
 27946 | Swamp:4  | Got a decaying rune of Zot
 28493 | Vaults:1 | Entered Level 1 of the Vaults
 28549 | D:14     | Reached skill level 5 in Stealth
 28678 | Vaults:1 | Found a transporter.
 28685 | Vaults:1 | Found a transporter.
 28685 | Vaults:1 | Noticed Persephone's ghost (adept MfGl)
 28689 | Vaults:1 | Found a bloodstained altar of Trog.
 28749 | Vaults:1 | Reached skill level 20 in Dodging
 28803 | Vaults:1 | Noticed Zenata
 28811 | Vaults:1 | Killed Zenata
 29284 | Vaults:1 | Identified the +8 morningstar of Dithmenos's Regard {spect,
                  | Str+2 Int+6}
 29605 | Vaults:1 | Reached skill level 10 in Stealth
 30566 | Vaults:2 | Found Oraxtoo's Jewellery Shoppe.
 30950 | Vaults:2 | Identified the +8 falchion "Luoqu" {protect, Str+6}
 30958 | Vaults:2 | Reached XP level 19. HP: 95/95 MP: 27/27
 31450 | Vaults:3 | Found a runed translucent door.
 31775 | Vaults:3 | Noticed Margery
 31782 | Vaults:3 | Killed Margery
 31903 | Vaults:3 | Found a staircase to the Crypt.
 31903 | Vaults:3 | Found a basalt altar of Yredelemnul.
 31905 | Vaults:3 | Found an ancient bone altar of Kikubaaqudgha.
 32094 | Vaults:3 | Reached skill level 15 in Fighting
 32588 | Vaults:3 | Noticed Jackthecabe's ghost (adept DsGl)
 32601 | Vaults:3 | Killed Jackthecabe's ghost
 32619 | Vaults:3 | Identified the +7 dagger of Tutuman {chaos, rF+ SInv
                  | Stlth+}
 33235 | Vaults:4 | Reached skill level 15 in Stealth
 33235 | Vaults:4 | Reached XP level 20. HP: 101/101 MP: 26/28
 33604 | Vaults:4 | Found the +8 orange crystal plate armour {Archmagi, Int+3
                  | Clar}
 33967 | Slime:1  | Entered Level 1 of the Pits of Slime
 35000 | Slime:4  | Gained mutation: You are vulnerable to cold. (rC-) [a
                  | shining eye]
 35065 | Slime:4  | Lost mutation: You are vulnerable to cold. (rC-) [potion of
                  | mutation]
 35065 | Slime:4  | Gained mutation: Your body sometimes deteriorates upon
                  | taking damage. [potion of mutation]
 35065 | Slime:4  | Gained mutation: You are strong-willed. (Will+) [potion of
                  | mutation]
 35065 | Slime:4  | Gained mutation: Your magical capacity is low. (-10% MP)
                  | [potion of mutation]
 35300 | Slime:4  | Learned a level 3 spell: Portal Projectile
 35330 | Slime:5  | Entered Level 5 of the Pits of Slime
 35333 | Slime:5  | Noticed Dissolution
 35531 | Elf:1    | Entered Level 1 of the Elven Halls
 35531 | Elf:1    | Found a runed translucent gate.
 35531 | Elf:1    | Found a runed translucent gate.
 35531 | Elf:1    | Found a runed translucent gate.
 35531 | Elf:1    | Found a runed translucent gate.
 35531 | Elf:1    | Found a runed translucent gate.
 35531 | Elf:1    | Found a runed translucent gate.
 35532 | Elf:1    | Found a runed translucent door.
 35540 | Elf:1    | Reached skill level 1 in Translocations
 35548 | Elf:1    | Identified the +9 scale mail of the Swamp {Regen+}
 35556 | Elf:1    | Found a runed translucent door.
 35563 | Elf:1    | Reached skill level 1 in Hexes
 35626 | Elf:1    | Found Egats's Magic Scroll Boutique.
 35630 | Elf:1    | Found Umeenirgh's General Store.
 35631 | Elf:1    | Found Qawk's Antique Armour Boutique.
 36142 | Elf:1    | Found Pongungi's Distillery.
 36149 | Elf:1    | Bought a potion of heal wounds for 65 gold pieces
 36738 | Vaults:2 | Bought the ring of the Furies {Fly rF++ AC+4 Int-5} for
                  | 1146 gold pieces
 37043 | Elf:2    | Reached skill level 5 in Translocations
 37054 | Elf:2    | Reached skill level 21 in Dodging
 37089 | Elf:2    | Acquired the amulet "Keschine" {Faith rC+ Dex+4 Slay+5}
 37242 | Elf:2    | Reached skill level 5 in Hexes
 37262 | Elf:2    | Found a runed translucent gate.
 37262 | Elf:2    | Found a runed translucent gate.
 37263 | Elf:2    | Found a runed translucent gate.
 37337 | Elf:2    | Identified the +3 plate armour "Unlyg" {rC+}
 37768 | Elf:2    | Reached XP level 21. HP: 89/107 MP: 24/27
 37798 | Elf:3    | Entered Level 3 of the Elven Halls
 37798 | Elf:3    | Found Nocvac's Assorted Antiques.
 38850 | Elf:3    | Identified the ring "Ufaimaw" {AC+4 Str+5 Dex-3 SInv}
 38988 | Elf:3    | Identified the amulet "Hucw" {Acrobat rPois Regen+}
 39079 | Elf:3    | Identified the amulet of Radixkeh {Acrobat Str+3}
 39124 | Elf:3    | Identified the +6 scale mail of Zor Taneeb {rPois rF+++
                  | Int-5 Stlth+}
 39124 | Elf:3    | Identified the ring "Fyjeonn" {rF+ Str+3 Int+3}
 39546 | Elf:3    | Learned a level 5 spell: Summon Forest
 39839 | Vaults:5 | Entered Level 5 of the Vaults
 39855 | Vaults:5 | Reached skill level 1 in Summonings
 39862 | Vaults:5 | Reached skill level 10 in Translocations
 39862 | Vaults:5 | Noticed a golden dragon
 39867 | Vaults:5 | Killed a golden dragon
 39871 | Vaults:5 | Noticed a golden dragon
 40029 | Vaults:5 | Noticed a dread lich
 40037 | Vaults:5 | Killed a dread lich
 40104 | Vaults:5 | Killed a golden dragon
 40115 | Vaults:5 | Reached XP level 22. HP: 35/111 MP: 28/28
 40295 | Vaults:5 | Identified the +10 spear "Haddoot" {vorpal, Str+5 Stlth+}
 40619 | Vaults:5 | a shadow dragon changed into a caustic shrike
 40619 | Vaults:5 | Noticed a caustic shrike (glowing shapeshifter)
 40621 | Vaults:5 | a caustic shrike changed into an iron giant
 40622 | Vaults:5 | an iron giant changed into a golden dragon
 40622 | Vaults:5 | Noticed a golden dragon (glowing shapeshifter)
 40628 | Vaults:5 | Killed a golden dragon
 40768 | Vaults:5 | Reached skill level 10 in Hexes
 40921 | Vaults:5 | Reached skill level 10 in Armour
 41018 | Vaults:5 | Found the ring of the Tortoise {AC+8}
 41036 | Vaults:5 | Identified the ring "Ybur" {Int+7 Dex+6}
 41041 | Vaults:5 | Identified the ring "Mocuiq" {rF+ Will+}
 41073 | Vaults:5 | Learned a level 4 spell: Cause Fear
 41079 | Vaults:5 | Learned a level 5 spell: Summon Mana Viper
 41082 | Vaults:5 | Identified the +1 robe "Deuj" {rN++ Str-4 Int+4 Archmagi}
 41284 | Vaults:5 | Got a silver rune of Zot
 41386 | Vaults:5 | Got Xuherrut's Omnibus of Adjuration and Pestilence
 41456 | Vaults:5 | Reached skill level 22 in Dodging
 41506 | Vaults:5 | Learned a level 4 spell: Leda's Liquefaction
 41683 | Depths:1 | Entered Level 1 of the Depths
 41683 | Depths:1 | Found a gateway to Hell.
 41912 | Depths:1 | Acquired the ring of Leaves {Contam rF+ Will++ Dex+7}
 42018 | Depths:1 | Got the Meditations on Transmogrification
 42042 | Depths:1 | Found an ancient bone altar of Kikubaaqudgha.
 42174 | Depths:1 | Found Yttiaged's Book Shoppe.
 42174 | Depths:1 | Found Vailaont's Jewellery Emporium.
 42175 | Depths:1 | Found Komefom's Assorted Antiques.
 42180 | Depths:1 | Found Ebuny's Antique Armour Shoppe.
 42185 | Depths:1 | Bought a book of Maledictions for 312 gold pieces
 42400 | Depths:1 | Found a runed translucent door.
 42400 | Depths:1 | Found a shimmering altar of Xom.
 42400 | Depths:1 | Noticed Teomm's ghost (adept DgCj)
 42439 | Depths:1 | Identified the +1 chain mail "Gyzeaboa" {rCorr}
 42717 | Depths:1 | You fall into a shaft and drop 1 floor!
 42719 | Depths:2 | Noticed a juggernaut
 42729 | Depths:2 | Killed a juggernaut
 42810 | Depths:2 | Found a one-way gate leading to the halls of Pandemonium.
 42976 | Depths:2 | Found a one-way gateway to a ziggurat.
 43138 | Depths:2 | Reached XP level 23. HP: 116/116 MP: 27/30
 43994 | Depths:3 | Reached skill level 5 in Spellcasting
 44137 | Depths:3 | Found Diguih's Book Boutique.
 44258 | Depths:3 | Found a one-way gate to the infinite horrors of the Abyss.
 44342 | Depths:3 | Reached skill level 5 in Summonings
 44371 | Depths:3 | Identified the +12 mace of Terra Cotta {antimagic, Str+3
                  | Dex+3}
 44430 | Depths:3 | Identified the ring "Ziprogrik" {Fly rElec rF- rN+ Str+5}
 44709 | Depths:4 | Entered Level 4 of the Depths
 44762 | Depths:4 | Identified the ring of Beauty {rPois rC+ rCorr Stlth-}
 44775 | Depths:4 | Found a transporter.
 44848 | Depths:4 | Found Coosygoc's Antique Weapon Emporium.
 44848 | Depths:4 | Noticed a caustic shrike
 44852 | Depths:4 | Killed a caustic shrike
 44908 | Depths:4 | Found a transporter.
 44910 | Depths:4 | Identified the ring "Zoxtoos" {Will+ rCorr Dex-3 SInv}
 45031 | Depths:4 | Identified the ring of Thoughtfulness {rPois rC+ Int+2
                  | Dex-5 Stlth+}
 45057 | Depths:4 | Noticed an ancient lich
 45062 | Depths:4 | Killed an ancient lich
 45088 | Depths:4 | Found Adghatoewn's Armour Boutique.
 45151 | Depths:4 | Acquired 809 gold pieces
 45190 | Depths:4 | Reached skill level 23 in Dodging
 45196 | Depths:4 | Identified the +8 chain mail of the Sun {-Cast rCorr
                  | Stlth+}
 45289 | Depths:4 | Noticed Sojobo
 45308 | Depths:4 | Killed Sojobo
 45382 | Depths:4 | Reached XP level 24. HP: 117/121 MP: 30/31
 45404 | Depths:4 | Found a gate to the Realm of Zot.
 45745 | Depths:4 | Learned a level 7 spell: Enfeeble
 45760 | Zot:1    | Entered Level 1 of the Realm of Zot
 45807 | Depths:4 | Upgraded the game from 0.30-a0-364-gf6b3ef1049 to
                  | 0.30-a0-365-ge7f957f1db
 46130 | Slime:4  | Killed Dissolution
 46248 | Slime:5  | Noticed the Royal Jelly
 46410 | Slime:5  | Killed the Royal Jelly
 46777 | Slime:5  | Reached skill level 15 in Hexes
 46844 | Slime:5  | Identified the amulet "Ororew" {Spirit Harm *Corrode Dex+3}
 46901 | Slime:5  | Identified the amulet "Ceduizeg" {Faith Rampage rPois}
 46921 | Slime:5  | Got a slimy rune of Zot
 46938 | Slime:5  | Identified the +3 flail "Ponurch" {flame, rF+ rN+++ Str-2}
 47240 | Depths:1 | Killed Teomm's ghost
 47384 | D:12     | Killed holysushi's ghost
 47487 | Lair:2   | Killed billz999's ghost
 47845 | Vaults:1 | Killed Persephone's ghost
 47849 | Vaults:1 | Got the Folio of the Hiemal Figure
 48952 | Zot:1    | Identified the +2 helmet of Baleful Wonder {Drain rElec
                  | Str+5}
 49331 | Zot:1    | Noticed Parghit
 49343 | Zot:1    | Killed Parghit
 49344 | Zot:1    | Reached skill level 24 in Dodging
 49980 | Zot:2    | Reached XP level 25. HP: 60/127 MP: 32/33
 50405 | Zot:2    | Killed from afar by a red draconian scorcher

Illustrated notes

Levels and vault maps discovered:
D:1:      dpeg_arrival_renting, layout_basic, ebering_ecumenical_altar_mist,
          serial_forest, infiniplex_forest_straight_2, infiniplex_forest_join,
          infiniplex_forest_clump_large, infiniplex_forest_lined_room_2,
          infiniplex_forest_zigzag_1
D:2:      layout_basic, kennysheep_big_empty_room, minmay_distorted
D:3:      layout_basic, lemuel_crystal_altar, minmay_fountain_box,
          chequers_serial_rivers_small_a, minmay_misc_feat_tower, uniq_ijyb
D:4:      layout_gridville, mainiacjoe_overflow_boulevard, lemuel_crystal_altar
D:5:      layout_loops_corners, minmay_temple_entry_tees, uniq_menkaure
D:6:      layout_cave_pools, lemuel_crystal_altar, minitemple,
          dk_noncrumbling_4, uniq_sigmund
D:7:      layout_layer_cave, mainiacjoe_overflow_alcove_2,
          mainiacjoe_overflow_six_doors_small, minmay_misc_feat_doors,
          uniq_prince_ribbit1
D:8:      layout_layer_cave, enter_bailey_3, special_room [special_room_orc],
          serial_shops, nicolae_shop_advertising_works
          [nicolae_subvault_shop_adworks], grunt_decor_resistance, uniq_erica
D:9:      layout_loops_ring, uniq_maurice
D:10:     layout_basic, uniq_urug
D:11:     layout_basic, dpeg_lair_monsters, david_orc_5
D:12:     layout_long_grid, serial_shops, nicolae_shop_crystal,
          ebering_ghost_xom, nicolae_gozag_cash_rules_everything_around_me,
          uniq_nessos
D:13:     layout_long_grid, serial_shops, shop
D:14:     layout_loops_cross, skrybe_vaults_entry_preservation,
          minmay_misc_feat_nine_boxes, corexii_leaking_fountain
D:15:     hangedman_depths_entry_try_elsewhere_first, layout_loops_ring
Temple:   hellmonk_temple_divided_pantheon
Lair:1:   layout_chaotic_city, grunt_megastairs_5
Lair:2:   layout_regular_city, ebering_ghost_reflecting_pool,
          chequers_serial_rivers_small_a, serial_bayou_lagoon_b
Lair:3:   layout_misc_corridors, swamp_mist, dummy_spider_entry,
          gauntlet_entry_generic, minivault_19, lemuel_fruit_fields
Lair:4:   mu_elephants_graveyard, layout_big_grid, dpeg_slime_entry_enclosed,
          gammafunk_lair_bear_cave
Swamp:1:  layout_basic_swamp, evilmike_swamp_ruin_house_2, swamp_pool5,
          hangedman_swamp_dais
Swamp:2:  layout_basic_swamp, basic_altar, swamp_pool4, nicolae_swamp_bean_lake,
          uniq_frances
Swamp:3:  nicolae_swamp_phyte_club, layout_falls_marsh,
          nicolae_swamp_round_clearing, uniq_bai_suzhen, uniq_mlioglotl,
          uniq_louise
Swamp:4:  grunt_swamp_rune_castle, layout_basic_swamp
Spider:1: layout_spider_delve, drop_trap
Spider:2: layout_spider_delve
Spider:3: layout_spider_delve
Spider:4: hellmonk_spider_rune_bug_friends
Slime:1:  layout_caves
Slime:2:  layout_caves
Slime:3:  layout_caves, cheibrodos_slime_lost_civilization_6
Slime:4:  layout_caves, cheibrodos_slime_lost_civilization_5
Slime:5:  uniq_dissolution
Orc:1:    layout_diamond_mine, serial_shops, nicolae_shop_bloodbath_and_beyond,
          nicolae_shop_overgrown_old_shop, shop
Orc:2:    st_orc_open, layout_caves
Elf:1:    nicolae_elf_arrival_dilemma, layout_geoelf_grid, serial_shops,
          nicolae_shop_crystal, kennysheep_underground_church, minmay_shop_star
Elf:2:    elven_hall_of_blades_hangedman_original
          [nicolae_blade_entry_crossed_weapons], layout_gridlike
Elf:3:    grunt_elf_hall_diamonds, layout_geoelf_octagon, serial_shops,
          nicolae_shop_hallway_stairs
Vaults:1: gammafunk_ghost_wrathful_warriors, nicolae_vaults_what_the_h,
          nicolae_vaults_bisected_slash, vaults_room_corners,
          hangedman_vaults_capsules, nicolae_vaults_little_squares_1,
          nicolae_vaults_network_quinsquares
          [nicolae_vaults_network_quincunx_subvault,
          nicolae_vaults_network_quincunx_subvault,
          nicolae_vaults_network_quincunx_subvault,
          nicolae_vaults_network_quincunx_subvault],
          ontoclasm_vaults_ring_large, st_more_cells,
          vaults_room_grunt_arrival_ludios, v_misc_2,
          nicolae_vaults_shelves_hall, vaults_dpeg_ring,
          nicolae_vaults_big_angled_halls, layout_vaults_maze, uniq_zenata
Vaults:2: vaults_room_octagon, hangedman_vaults_pinch, ontoclasm_vaults_gateway,
          v_misc_15, v_misc_27, ontoclasm_vaults_pinch, vaults_room_pool,
          nicolae_vaults_shelves_hall, vaults_dpeg_cross, vaults_room_pools,
          nicolae_vaults_mini_display_case, vaults_dpeg_diagonal,
          layout_vaults_omnicross, serial_shops, shop_statue
Vaults:3: ebering_ghost_inner_flame, ontoclasm_vaults_fault,
          ontoclasm_vaults_claustrophobia, minmay_crypt_entry_necro_gods,
          nicolae_vaults_quartermaster, v_misc_1,
          ontoclasm_vaults_loading_screen, v_misc_28,
          hangedman_vaults_restitches, vaults_mumra_hexcomb, vaults_room_pool,
          ontoclasm_vaults_chip, layout_vaults_omnigrid, uniq_margery
Vaults:4: vaults_room_fancy_cross, hangedman_vaults_trim, vaults_room_fours,
          nicolae_vaults_rhombus_7, v_misc_9, vaults_room_pools,
          nicolae_vaults_three_branches, nicolae_vaults_little_squares_6,
          v_misc_14, st_cross, v_pattern_5, v_misc_12,
          nicolae_vaults_little_squares_2, vaults_room_stairs_pillars,
          layout_vaults_big_room
Vaults:5
Depths:1: layout_basic, pf_hell_entry_tar_river, ebering_ghost_xom,
          kennysheep_vampire_church, minmay_shoptagon
Depths:2: minmay_containers, layout_gridlike, enter_ziggurat_c,
          rand_demon_pan_entry_5, hell_entry, minmay_holes,
          chequers_serial_rivers_micro_a, minmay_misc_feat_four_crosses
Depths:3: minmay_the_grid_octo_triangle [minmay_the_grid_octo_empty,
          minmay_the_grid_octo_prize_ultimate_mussel_roller,
          minmay_the_grid_octo_horde], layout_cave_pools, hellmouth_1,
          nicolae_abyss_entry_one_way_or_another, serial_shops, shop
Depths:4: hangedman_spin_cycle, hell_entry
Zot:1:    hangedman_orp_of_zott, layout_onion_interference, uniq_parghit
Zot:2:    layout_gridlike, grunt_ministairs_10, grunt_megastairs_2, uniq_tiamat

Skill      XL: |  1  2  3  4  5  6  7  8  9 10 11 12 13 14 15 16 17 18 19 20 21 22 23 24 |
---------------+-------------------------------------------------------------------------+-----
Ranged Weapons | 5 6 7 8 10 12 14 16 18 | 18.0
Dodging        | 4 7 10 12 14 16 19 20 21 22 23 24 | 24.0
Evocations     | 3 7 11 14 15 17 18 19 20 21 22 23 | 23.0
Invocations    | 2 5 7 9 10 11 12 13 | 13.0
Fighting       | 2 4 6 7 8 9 11 13 14 15 16 17 | 17.8
Armour         | 1 3 4 7 8 9 10 | 10.6
Transmutations | 3 7 8 9 |  9.0
Spellcasting   | 3 7 9 |  9.0
Stealth        | 2 11 15 16 17 18 | 18.0
Translocations | 6 10 12 14 | 14.0
Hexes          | 5 9 11 13 17 | 17.6
Summonings     | 1 4 6 |  6.4

Action                   |  1- 3 |  4- 6 |  7- 9 | 10-12 | 13-15 | 16-18 | 19-21 | 22-24 | 25-27 || total
-------------------------+-------+-------+-------+-------+-------+-------+-------+-------+-------++-------
 Fire: Shortbow          |    69 |    95 |   375 |  1169 |   911 |       |       |       |       ||  2619
       Arbalest          |       |       |       |       |   576 |  1122 |   993 |  1293 |    29 ||  4013
Throw: Dart              |       |       |       |    11 |       |       |       |     2 |       ||    13
       Throwing net      |       |       |       |       |     3 |       |       |       |       ||     3
 Cast: Wereblood         |       |       |       |       |    12 |    17 |    32 |    32 |       ||    93
       Portal Projectile |       |       |       |       |       |       |     1 |    11 |     1 ||    13
       Summon Forest     |       |       |       |       |       |       |       |     2 |       ||     2
Invok: Recall Ancestor   |       |       |     5 |    40 |    34 |    25 |    26 |    30 |     2 ||   162
       Ancestor Life: Kn |       |       |     1 |       |       |       |       |       |       ||     1
       Ancestor Identity |       |       |     1 |       |       |       |       |       |       ||     1
       Transference      |       |       |       |     1 |     2 |       |     1 |       |       ||     4
       Idealise          |       |       |       |       |     1 |     1 |       |     1 |       ||     3
Evoke: Wand              |       |       |     1 |    10 |    10 |     3 |     3 |     1 |     1 ||    29
       Box of beasts     |       |       |       |     1 |     3 |     5 |     3 |     3 |     1 ||    16
       Tin of tremorston |       |       |       |       |       |       |     3 |     5 |     1 ||     9
       Condenser vane    |       |       |       |       |       |       |     2 |     5 |       ||     7
  Use: Scroll            |       |       |    11 |    11 |    18 |     2 |     4 |     4 |       ||    50
       Potion            |       |       |     1 |       |     2 |     3 |     5 |     3 |       ||    14
Armor: Robe              |     5 |     5 |    29 |     9 |       |       |       |       |       ||    48
       Acid dragon scale |       |       |       |    43 |       |       |       |       |       ||    43
       Troll leather arm |       |       |       |    25 |   119 |       |       |       |       ||   144
       Steam dragon scal |       |       |       |       |    20 |    47 |    13 |    59 |       ||   139
       Swamp dragon scal |       |       |       |       |       |       |       |     6 |     1 ||     7
Dodge: Dodged            |    20 |    22 |   110 |   275 |   714 |   589 |   324 |   931 |    21 ||  3006
Block: Other             |       |       |       |       |    18 |   112 |    21 |       |       ||   151
       Reflection        |       |       |       |       |       |    11 |     5 |       |       ||    16

Table legend: (Time is in decaauts)
 A = Elapsed time spent in this place.
 B = Non-inter-level travel time spent in this place.
 C = Inter-level travel time spent in this place.
 D = Time resting spent in this place.
 E = Time spent auto-exploring this place.
 F = Levels seen in this place.
 G = Mean time per level.
                   A        B        C        D        E       F      G
               +--------+--------+--------+--------+--------+-----+--------+
         Total |  36897 |  32961 |   3936 |   5067 |  17523 |  51 |  723.5 |
       Dungeon |  10343 |   8988 |   1355 |    883 |   5863 |  15 |  689.5 |
        Temple |     32 |     23 |      9 |      0 |      3 |   1 |   32.0 |
          Lair |   3644 |   3092 |    552 |    243 |   1558 |   4 |  911.0 |
         Swamp |   3657 |   3314 |    343 |   1052 |   1390 |   4 |  914.2 |
   Spider Nest |   2454 |   2196 |    258 |    222 |   1177 |   4 |  613.5 |
    Slime Pits |   1894 |   1729 |    165 |    578 |    567 |   5 |  378.8 |
  Orcish Mines |    934 |    822 |    112 |      5 |    431 |   2 |  467.0 |
   Elven Halls |   2939 |   2704 |    235 |    906 |   1058 |   3 |  979.7 |
        Vaults |   5458 |   4886 |    572 |    489 |   2816 |   5 | 1091.6 |
        Depths |   3319 |   3009 |    310 |    343 |   1679 |   4 |  829.8 |
           Zot |   1555 |   1534 |     21 |    327 |    798 |   2 |  777.5 |
        Bailey |    250 |    250 |      0 |     18 |     70 |   1 |  250.0 |
      Gauntlet |    414 |    414 |      0 |      0 |    109 |   1 |  414.0 |
               +--------+--------+--------+--------+--------+-----+--------+

Top non-repeatable levels by time:
   Elf:3: 1533 daAuts
 Swamp:3: 1429 daAuts
  Lair:4: 1359 daAuts
Vaults:3: 1195 daAuts
Vaults:5: 1170 daAuts
    D:14: 1084 daAuts
Vaults:1: 1084 daAuts
Vaults:2: 1062 daAuts
   Zot:1: 1018 daAuts
    D:11: 970 daAuts
Depths:4: 961 daAuts
  Lair:2: 951 daAuts
Vaults:4: 946 daAuts
    D:12: 934 daAuts
    D:15: 888 daAuts
